 Dungeon Crawl Stone Soup version 0.26-a0-649-gf8c6c3aab7 (webtiles) character file.

Game seed: 6487844604771143470

13940 reriks the Arsonist (level 11, 0/54 HPs)
             Began as a Deep Elf Fire Elementalist on Sept 26, 2020.
             Was a High Priest of Vehumet.
             Slain by a two-headed ogre
             ... wielding a +0 giant spiked club
              (15 damage)
             ... on level 10 of the Dungeon.
             The game lasted 00:52:42 (17662 turns).

reriks the Arsonist (Deep Elf Fire Elementalist)   Turns: 17662, Time: 00:52:42

Health: 0/54       AC:  2    Str:  5    XL:     11   Next: 82%
Magic:  15/27      EV: 19    Int: 28    God:    Vehumet [*****.]
Gold:   700        SH:  5    Dex: 15    Spells: 2/30 levels left

rFire    . . .     SeeInvis +   J - +6 quarterstaff of Action {drain, rElec rN+ MR+ Int+4}
rCold    . . .     Faith    .   (shield currently unavailable)
rNeg     + . .     Spirit   .   E - +0 robe {MR+}
rPois    .         Reflect  +   (no helmet)
rElec    +         Harm     .   (no cloak)
rCorr    .         Rampage  .   (no gloves)
MR       +++..                  (no boots)
Stlth    ++........             K - amulet of reflection
HPRegen  0.18/turn              k - ring of see invisible
MPRegen  0.20/turn              D - ring of flight

@: no status effects
A: no striking features
a: Renounce Religion, Evoke Flight


You were on level 10 of the Dungeon.
You worshipped Vehumet.
Vehumet was extremely pleased with you.
You visited 2 branches of the dungeon, and saw 12 of its levels.
You also visited: Sewer.

You collected 700 gold pieces.

Inventory:

Hand Weapons
 c - a +0 club
 d - a +0 spear
 C - a +3 mace
 G - a +2 whip of flaming
 J - the +6 quarterstaff of Action (weapon) {drain, rElec rN+ MR+ Int+4}
   (You found it on level 6 of the Dungeon)

   A truly terrible weapon, it drains the life of those it strikes.
   It affects your intelligence (+4).
   It insulates you from electricity.
   It protects you from negative energy.
   It affects your resistance to hostile enchantments.
Missiles
 b - 6 javelins (quivered)
 g - 285 stones
Armour
 a - a +0 robe
 n - a +2 cloak
 x - the +0 leather armour "Oxtob" {Harm rPois Str-5 Int+5}
   (You found it on level 4 of the Dungeon)

   It affects your strength (-5).
   It affects your intelligence (+5).
   It protects you from poison.
   It increases damage dealt and taken.
 y - a scarf of harm
 z - a cursed +0 buckler
 E - a +0 robe of magic resistance (worn)
Magical Staves
 F - an uncursed staff of earth
 L - an uncursed staff of cold
 M - an uncursed staff of conjuration
Jewellery
 k - a ring of see invisible (left hand)
 D - a ring of flight (right hand)
 K - an amulet of reflection (around neck)
Wands
 j - a wand of random effects (15)
 r - a wand of flame (27)
 u - a wand of acid (8)
Scrolls
 f - 5 scrolls of teleportation
 i - 3 scrolls of fog
 o - 2 scrolls of immolation
 t - 2 scrolls of remove curse
 A - 3 scrolls of amnesia
 I - a scroll of blinking
 N - a scroll of identify
 O - 2 scrolls of enchant armour
 P - 2 scrolls of enchant weapon
 S - a scroll of torment {unknown}
Potions
 e - 5 potions of flight
 h - 5 potions of degeneration
 l - 5 potions of curing
 m - 2 potions of might
 p - a potion of brilliance
 q - a potion of magic
 s - a potion of heal wounds
 v - 2 potions of resistance {unknown}
 w - 2 potions of stabbing {unknown}
 B - 3 potions of lignification {unknown}
 H - a potion of haste
 Q - a potion of mutation {unknown}
Miscellaneous
 R - a phantom mirror (inert)


   Skills:
 + Level 9.6 Dodging
 - Level 2.4 Stealth
 + Level 10.4 Spellcasting
 * Level 12.0 Conjurations
 - Level 2.5 Hexes
 * Level 12.2 Fire Magic
 - Level 2.0 Earth Magic


You had 2 spell levels left.
You knew the following spells:

 Your Spells              Type           Power        Failure   Level
a - Foxfire               Conj/Fire      ####         1%          1
b - Conjure Flame         Conj/Fire      ######..     1%          3
c - Inner Flame           Hex/Fire       ######..     1%          3
d - Sticky Flame          Conj/Fire      ######..     1%          4
e - Fireball              Conj/Fire      ######....   1%          5
f - Sandblast             Erth           ####..       1%          1
g - Stone Arrow           Conj/Erth      ######       1%          3
h - Passwall              Tmut/Erth      ###.....     3%          2
i - Frozen Ramparts       Ice            ##....       3%          3
j - Dazzling Flash        Conj/Hex       ######       1%          3

Your spell library contained the following spells:

 Spells                   Type           Power        Failure   Level
 Yara's Violent Unravell  Hex/Tmut       ###.......   17%         5
 Corona                   Hex            ####...      1%          1
 Ensorcelled Hibernation  Hex/Ice        ###...       3%          2
 Confusing Touch          Hex            ####....     4%          3
 Tukima's Dance           Hex            ####....     4%          3
 Lee's Rapid Deconstruct  Erth           ####......   13%         5
 Petrify                  Tmut/Erth      ###.....     26%         4


Dungeon Overview and Level Annotations

Branches:
Dungeon (11/15)            Temple (1/1) D:5           Sewer (visited)
   Lair: D:8-11         Orc: D:9-12

Altars:
Ashenzari
Cheibriados
Dithmenos
Elyvilon
Fedhas
Gozag
Hepliaklqana
Kikubaaqudgha
Makhleb
Nemelex Xobeh
Okawaru
Qazlal
Ru
Sif Muna
Trog
Uskayaw
Vehumet
Wu Jian
Xom
Yredelemnul
Zin
The Shining One

Portals:
Bazaar: D:11

Annotations:
D:6 2 runed translucent doors
D:7 2 transporters, lukano's ghost, novice GrGl


Message History

The two-headed ogre barely misses you.
The two-headed ogre hits you with a +3 dire flail.
The black bear barely misses you.
The black bear claws you but does no damage.
The black bear closely misses you. The orc priest closely misses you.
You climb upwards.
There is a stone staircase leading down here.
Casting: Stone Arrow (safe; 1% risk of failure)
Confirm with . or Enter, or press ? or * to list all spells.
Aiming: Sticky Flame (safe; 1% risk of failure)
Press: ? - help, Shift-Dir - straight line, f - two-headed ogre
Aim: a two-headed ogre, wielding a +0 giant spiked club and a +3 dire flail (heavily wounded)
The sticky flame hits the two-headed ogre!
The two-headed ogre is severely wounded.
The two-headed ogre is covered in liquid flames!
The two-headed ogre burns!
The two-headed ogre hits you with a +0 giant spiked club!!
* * * LOW HITPOINT WARNING * * *
The two-headed ogre hits you with a +3 dire flail!
You die...

########
###h.....#########
#@O...............
###o.....#########
#......# #......#
#......# #......#
########


You could see a two-headed ogre (burning), a black bear and an orc priest.

Vanquished Creatures
  An orc warlord (D:9)
  Harold (D:7)
  A centaur warrior (D:10)
  2 two-headed ogres (D:9)
  Pikel (D:7)
  2 orc knights (D:9)
  A gargoyle (D:11)
  3 trolls
  A hippogriff (D:8)
  A wraith (D:10)
  Sigmund (D:3)
  4 yaks
  2 wyverns
  14 wargs (D:9)
  Duvessa (D:7)
  2 ice beasts
  8 orc warriors
  2 black bears
  A phantom (D:7)
  A sky beast (D:7)
  6 ogres
  4 centaurs
  A crocodile (D:9)
  A big kobold (D:10)
  7 bullfrogs
  A wyvern skeleton (D:9)
  3 scorpions
  Dowan (D:7)
  A killer bee (D:8)
  A howler monkey (D:5)
  7 wights
  2 electric eels (D:8)
  2 centaur zombies
  2 jellies (D:5)
  5 hounds
  6 orc priests
  6 orc wizards
  A gnoll shaman (D:10)
  A bullfrog skeleton (D:5)
  2 iguanas
  A merfolk siren (Sewer)
  9 worker ants
  A merfolk avatar (Sewer)
  A hound skeleton (D:8)
  A howler monkey zombie (D:6)
  8 gnolls
  14 adders
  3 river rats (Sewer)
  3 shadow imps
  4 white imps
  2 ufetubi
  2 oozes
  An adder skeleton (D:4)
  5 worms
  2 dart slugs (D:1)
  4 leopard geckos
  42 orcs
  8 giant cockroaches
  11 goblins
  5 hobgoblins
  12 jackals
  15 kobolds
  5 quokkas
  10 ball pythons
  6 bats
  9 frilled lizards
  2 goblin skeletons (D:7)
  2 goblin zombies (D:7)
  3 hobgoblin zombies (D:7)
  A kobold skeleton (D:7)
  An orc skeleton (D:7)
  3 orc zombies (D:7)
  31 rats
337 creatures vanquished.

Vanquished Creatures (collateral kills)
  4 foxfires
4 creatures vanquished.

Vanquished Creatures (others)
  722 foxfires
  8 plants
730 creatures vanquished.

Grand Total: 1071 creatures vanquished

Notes
Turn   | Place    | Note
-------+----------+-------------------------------------------
     0 | D:1      | reriks the Deep Elf Fire Elementalist began the quest for
                  | the Orb.
     0 | D:1      | Reached XP level 1. HP: 10/10 MP: 6/6
   550 | D:1      | Reached XP level 2. HP: 15/15 MP: 5/8
  1552 | D:1      | Reached XP level 3. HP: 19/19 MP: 4/9
  1838 | D:2      | Learned a level 3 spell: Conjure Flame
  1842 | D:2      | Learned a level 3 spell: Inner Flame
  2334 | D:2      | Reached XP level 4. HP: 10/24 MP: 6/11
  3204 | D:3      | Found a glowing drain.
  3208 | D:3      | Noticed Sigmund
  3220 | Sewer    | Entered a sewer
  3638 | Sewer    | Reached XP level 5. HP: 17/28 MP: 7/12
  4061 | Sewer    | Learned a level 4 spell: Sticky Flame
  4529 | D:3      | Killed Sigmund
  4529 | D:3      | Reached skill level 5 in Fire Magic
  4529 | D:3      | Reached XP level 6. HP: 27/32 MP: 9/14
  5105 | D:3      | Found a broken altar of Ashenzari.
  5197 | D:3      | Found a bloodstained altar of Trog.
  5827 | D:4      | Reached skill level 5 in Conjurations
  5827 | D:4      | Reached XP level 7. HP: 16/36 MP: 11/15
  6058 | D:4      | Got a bronze leather armour
  6059 | D:4      | Identified the +0 leather armour "Oxtob" {Harm rPois Str-5
                  | Int+5} (You found it on level 4 of the Dungeon)
  6317 | D:4      | Found a blossoming altar of Fedhas.
  6409 | D:4      | Found a sacrificial altar of Ru.
  6520 | D:5      | Entered Level 5 of the Dungeon
  6526 | D:5      | Found a staircase to the Ecumenical Temple.
  6548 | Temple   | Entered the Ecumenical Temple
  6748 | Temple   | Became a worshipper of Vehumet
  6868 | D:5      | Reached skill level 5 in Spellcasting
  6940 | D:5      | Learned a level 5 spell: Fireball
  7319 | D:5      | Reached skill level 5 in Dodging
  7333 | D:5      | Reached XP level 8. HP: 41/41 MP: 11/18
  7506 | D:5      | You fall into a shaft and drop 3 floors!
  7623 | D:8      | Found a shimmering altar of Xom.
  7675 | D:8      | Reached * piety under Vehumet
  7675 | D:8      | Offered knowledge of Sandblast by Vehumet.
  8079 | D:7      | Found a glowing golden altar of the Shining One.
  8095 | D:7      | Noticed Pikel
  8108 | D:7      | Killed Pikel
  8108 | D:7      | Reached XP level 9. HP: 8/45 MP: 1/21
  8490 | D:7      | Noticed a troll
  8501 | D:7      | Killed a troll
  8536 | D:6      | Learned a level 1 spell: Sandblast
  8540 | D:6      | Learned a level 3 spell: Stone Arrow
  8871 | D:5      | Found an opulent altar of Gozag.
  8892 | D:5      | Found a white marble altar of Elyvilon.
  8930 | D:5      | Found a snail-covered altar of Cheibriados.
  9474 | D:6      | Offered knowledge of Shock by Vehumet.
  9553 | D:6      | Found a large runed translucent door.
  9553 | D:6      | Found a large runed translucent door.
  9555 | D:6      | Noticed a troll
  9578 | D:5      | Reached ** piety under Vehumet
  9578 | D:5      | Reached skill level 1 in Hexes
  9733 | D:6      | Found a large runed translucent door.
  9733 | D:6      | Found a large runed translucent door.
  9737 | D:6      | Got a crude quarterstaff
  9788 | D:6      | Reached skill level 1 in Earth Magic
  9793 | D:6      | Learned a level 2 spell: Passwall
  9899 | D:6      | Identified the +6 quarterstaff of Action {drain, rElec rN+
                  | MR+ Int+4} (You found it on level 6 of the Dungeon)
 10047 | D:6      | Killed a troll
 10197 | D:6      | Found an ornate altar of the Wu Jian Council.
 10612 | D:7      | Noticed lukano's ghost (novice GrGl)
 10620 | D:7      | Found a transporter.
 10631 | D:7      | Noticed Duvessa
 10861 | D:7      | Found a transporter.
 11052 | D:7      | Noticed Dowan
 11057 | D:7      | Killed Dowan
 11084 | D:7      | Noticed Harold
 11087 | D:7      | Killed Duvessa
 11090 | D:7      | Killed Harold
 11090 | D:7      | Reached XP level 10. HP: 50/50 MP: 1/24
 11975 | D:8      | Offered knowledge of Frozen Ramparts by Vehumet.
 11980 | D:8      | Learned a level 3 spell: Frozen Ramparts
 12243 | D:8      | Reached skill level 10 in Fire Magic
 12565 | D:9      | Reached *** piety under Vehumet
 12773 | D:9      | Noticed a two-headed ogre
 13227 | D:9      | Noticed a two-headed ogre
 13232 | D:9      | Killed a two-headed ogre
 13232 | D:9      | Reached skill level 10 in Conjurations
 13470 | D:9      | Offered knowledge of Static Discharge by Vehumet.
 13632 | D:9      | Killed a two-headed ogre
 14106 | D:9      | Reached XP level 11. HP: 54/54 MP: 13/26
 14280 | D:9      | Noticed an orc warlord
 14602 | D:9      | Reached **** piety under Vehumet
 15025 | D:10     | Entered Level 10 of the Dungeon
 15025 | D:10     | Noticed a centaur warrior
 15028 | D:10     | Killed a centaur warrior
 15033 | D:10     | Learned a level 3 spell: Dazzling Flash
 15333 | D:9      | Killed an orc warlord
 15519 | D:9      | Noticed an orc knight
 15533 | D:9      | Killed an orc knight
 15690 | D:9      | Noticed an orc knight
 15710 | D:9      | Killed an orc knight
 15800 | D:9      | Offered knowledge of Yara's Violent Unravelling by Vehumet.
 16400 | D:9      | Reached skill level 10 in Spellcasting
 17122 | D:10     | Reached ***** piety under Vehumet
 17350 | D:11     | Found a flickering gateway to a bazaar.
 17536 | D:11     | Noticed a six-headed hydra
 17656 | D:11     | Noticed a two-headed ogre
 17662 | D:10     | Slain by a two-headed ogre

Illustrated notes

Levels and vault maps discovered:
D:1:      tarquinn_simple_flora_water_f, layout_rooms, serial_bayou,
          serial_bayou_shore_a, serial_bayou_lagoon_a, serial_bayou_pond_c,
          serial_bayou_pond_e, minmay_misc_feat_alley
D:2:      layout_rooms, serial_forest, infiniplex_forest_straight_3,
          infiniplex_forest_zigzag_1, infiniplex_forest_straight_4,
          infiniplex_forest_straight_5, infiniplex_forest_lined_corner,
          infiniplex_forest_lined_3_way, infiniplex_forest_straight_2,
          infiniplex_forest_clump_C, infiniplex_forest_end_2,
          infiniplex_forest_straight_4
D:3:      layout_rooms, nicolae_overflow_crystal_walls, old_standard_altar,
          portal_sewer_entry_a, uniq_sigmund
D:4:      layout_basic, fedhas_bush_and_centaur_altar, lemuel_doored_altar
D:5:      layout_loops_ring, elyvilon_altar_5, cheibriados_altar_1,
          grunt_gozag_breadcrumbs, minmay_temple_entry_water_ring
D:6:      layout_cave_pools, kennysheep_mini, minmay_hollow_rounded_squares
D:7:      layout_basic, serial_glass, glass_columns_a, glass_columns_b,
          glass_columns_b, glass_columns_c, glass_columns_a, glass_columns_c,
          glass_columns_a, glass_columns_b, feat_on_display, item_on_display_a,
          feat_on_display, gammafunk_ghost_stat_death,
          nicolae_tso_besieged_by_evil, uniq_harold, uniq_duvessa, uniq_pikel
D:8:      layout_gridville, kennysheep_mini_moat, serial_bayou_pond_b
D:9:      lemuel_castle_with_subvaults [lemuel_castle_interior_carwin_3],
          layout_irregular_city
D:10:     layout_basic
D:11:     layout_gridville, lair_entry_dummy, minmay_orc_entry_guard_dogs,
          serial_shops, bzr_entry_water
Temple:   nicolae_temple_figure_eight

Skill      XL: |  1  2  3  4  5  6  7  8  9 10 11 |
---------------+----------------------------------+-----
Conjurations   | 2 3 4 5 6 7 9 10 12 | 12.0
Fire Magic     | 4 5 6 8 9 11 12 | 12.2
Dodging        | 3 4 5 6 7 8 9 |  9.6
Spellcasting   | 4 5 6 8 9 10 | 10.4
Hexes          | 2 |  2.5
Earth Magic    | 2 |  2.0
Stealth        | |  2.4

Action                   |  1- 3 |  4- 6 |  7- 9 | 10-12 || total
-------------------------+-------+-------+-------+-------++-------
Melee: Spear             |       |       |     2 |       ||     2
       Mace              |       |       |     6 |       ||     6
       Quarterstaff      |       |       |       |     2 ||     2
Throw: Javelin           |       |       |       |     3 ||     3
 Cast: Foxfire           |    86 |   114 |   151 |    80 ||   431
       Sticky Flame      |       |       |    39 |    13 ||    52
       Fireball          |       |       |     7 |   106 ||   113
       Inner Flame       |       |       |     5 |     1 ||     6
       Stone Arrow       |       |       |       |    11 ||    11
       Conjure Flame     |       |       |       |     3 ||     3
       Dazzling Flash    |       |       |       |     2 ||     2
       Sandblast         |       |       |       |     1 ||     1
Evoke: Wand              |       |       |       |    10 ||    10
       Phantom mirror    |       |       |       |     1 ||     1
  Use: Scroll            |       |    11 |     7 |     7 ||    25
Armor: Robe              |     1 |     5 |     6 |     1 ||    13
Dodge: Dodged            |     7 |    22 |    55 |    39 ||   123
Block: Other             |       |       |       |     7 ||     7
       Reflection        |       |       |       |     2 ||     2

Table legend: (Time is in decaauts)
 A = Elapsed time spent in this place.
 B = Non-inter-level travel time spent in this place.
 C = Inter-level travel time spent in this place.
 D = Time resting spent in this place.
 E = Time spent auto-exploring this place.
 F = Levels seen in this place.
 G = Mean time per level.
                   A        B        C        D        E       F      G
               +--------+--------+--------+--------+--------+-----+--------+
         Total |  17769 |  17059 |    710 |   8717 |   5504 |  13 | 1366.8 |
       Dungeon |  16185 |  15502 |    683 |   7917 |   5041 |  11 | 1471.4 |
        Temple |    228 |    201 |     27 |      0 |    188 |   1 |  228.0 |
         Sewer |   1354 |   1354 |      0 |    800 |    275 |   1 | 1354.0 |
               +--------+--------+--------+--------+--------+-----+--------+

Top non-repeatable levels by time:
     D:9: 3301 daAuts
     D:8: 2353 daAuts
     D:1: 1812 daAuts
     D:7: 1513 daAuts
     D:2: 1409 daAuts
   Sewer: 1354 daAuts
     D:6: 1329 daAuts
     D:4: 1239 daAuts
     D:5: 1235 daAuts
    D:10: 1044 daAuts
     D:3: 917 daAuts
  Temple: 228 daAuts
    D:11: 28 daAuts
